 Dungeon Crawl Stone Soup version 0.21.1-1-g345015f (webtiles) character file.

226409 Mgcat the Warrior (level 20, -5/167 HPs)
             Began as a Human Berserker on Mar 1, 2018.
             Was the Champion of Trog.
             Slain by a merfolk impaler
             ... wielding a +0 trident of venom
              (8 damage)
             ... on level 4 of the Shoals.
             The game lasted 01:56:09 (31660 turns).

Mgcat the Warrior (Human Berserker)                Turns: 31660, Time: 01:56:10

Health: -5/167     AC: 29    Str: 29    XL:     20   Next: 13%
Magic:  27/27      EV:  7    Int: 11    God:    Trog [******]
Gold:   1927       SH:  0    Dex: 15    Spells: 19/19 levels left

rFire    + . .     SeeInvis +   H - +14 obsidian axe {chop, +Fly SInv *Curse}
rCold    . . .     Gourm    .   o - +2 shield
rNeg     . . .     Faith    .   I - +2 chain mail {MR+}
rPois    +         Spirit   .   U - +2 helmet
rElec    .         Reflect  +   y - +2 cloak {rPois}
rCorr    +         Harm     .   j - +2 pair of gloves
MR       +++++                  z - +2 pair of boots
Stlth    ..........             k - +6 amulet of reflection
HPRegen  1.37/turn              g - ring of Cyufryof {rCorr rF+ Str+5 Dex-3 Stlth+}
MPRegen  0.20/turn              w - ring "Ufuhasej" {MR+ Int+4 Dex+2}

@: lethally poisoned (-5 -> -6), about to teleport, berserk cooldown, flying,
mesmerised, held, regenerating, slowed, very slow
A: no striking features
}: 1/15 runes: serpentine
a: Berserk, Trog's Hand, Brothers in Arms, Burn Spellbooks, Renounce Religion,
Stop Flying


You were on level 4 of the Shoals.
You worshipped Trog.
Trog was exalted by your worship.
You were very hungry.

You visited 5 branches of the dungeon, and saw 31 of its levels.

You collected 3329 gold pieces.
You spent 1402 gold pieces at shops.

Inventory:

Hand Weapons
 a - a +1 demon whip of flaming
   (You found it on level 9 of the Dungeon)
 H - the +14 obsidian axe (weapon) {chop, +Fly SInv *Curse}
   (You found it on level 6 of the Lair of Beasts)

   It inflicts extra damage upon your enemies.
   It lets you see invisible.
   It lets you fly.
   It curses itself when equipped.
 X - a +8 antimagic war axe
   (Trog gifted it to you on level 11 of the Dungeon)
Missiles
 L - 11 throwing nets {=f, !d}
Armour
 j - a +2 pair of gloves (worn)
   (You found it on level 2 of the Lair of Beasts)
 l - a scarf of resistance
   (You found it on level 15 of the Dungeon)
 o - a +2 shield (worn)
   (You found it on level 2 of the Dungeon)
 y - a +2 cloak of poison resistance (worn)
   (You found it on level 2 of the Shoals)
 z - a +2 pair of boots (worn)
   (You found it on level 5 of the Dungeon)
 C - the +1 chain mail "Soase" {Dex+3 Slay+2}
   (You took it off a merfolk on level 3 of the Shoals)

   It affects your dexterity (+3).
   It affects your accuracy and damage with ranged weapons and melee attacks
   (+2).
 I - a +2 chain mail of magic resistance (worn)
   (You took it off an orc warrior on level 7 of the Dungeon)
 P - a +1 plate armour of positive energy
   (You bought it in a shop on level 2 of the Orcish Mines)
 U - a +2 helmet (worn)
   (You found it on level 11 of the Dungeon)
Jewellery
 g - the ring of Cyufryof (left hand) {rCorr rF+ Str+5 Dex-3 Stlth+}
   (You bought it in a shop on level 6 of the Dungeon)

   [ring of resist corrosion]

   It affects your strength (+5).
   It affects your dexterity (-3).
   It protects you from fire.
   It makes you more stealthy.
 k - a +6 amulet of reflection (around neck)
   (You found it on level 2 of the Dungeon)
 q - the ring "Huni" {+Fly rF+ rC+ Stlth+}
   (You acquired it on level 6 of the Dungeon)

   [ring of stealth]

   It protects you from fire.
   It protects you from cold.
   It lets you fly.
   It makes you more stealthy.
 t - an uncursed amulet of the gourmand {unknown}
   (You found it on level 3 of the Shoals)
 w - the ring "Ufuhasej" (right hand) {MR+ Int+4 Dex+2}
   (You found it on level 14 of the Dungeon)

   [ring of protection from magic]

   It affects your intelligence (+4).
   It affects your dexterity (+2).
   It affects your resistance to hostile enchantments.
 A - an uncursed amulet of the gourmand {unknown}
   (You found it on level 2 of the Shoals)
 M - an uncursed ring of magical power {unknown}
   (You took it off a merfolk on level 4 of the Shoals)
Wands
 E - a wand of iceblast (20)
   (You found it on level 6 of the Dungeon)
 F - a wand of clouds (15)
   (You found it on level 6 of the Dungeon)
 O - a wand of digging (6)
   (You found it on level 3 of the Snake Pit)
 T - a wand of scattershot (5)
   (You found it on level 3 of the Snake Pit)
 V - a wand of acid (19)
   (You took it off Harold on level 11 of the Dungeon)
Scrolls
 b - 3 scrolls of blinking {!r}
 f - 6 scrolls of identify
 p - 8 scrolls of teleportation
 v - 6 scrolls of remove curse
 D - a scroll of enchant weapon
 G - a scroll of enchant armour
 J - 4 scrolls of magic mapping {!r}
 R - 7 scrolls of fear
 W - 4 scrolls of fog
Potions
 d - 13 potions of curing
 e - 5 potions of resistance
 h - 4 potions of mutation {!q}
 m - 5 potions of flight
 n - 2 potions of invisibility
 r - 2 potions of haste
 s - 2 potions of might
 u - 3 potions of agility
 x - 6 potions of lignification {!q}
 K - 3 potions of brilliance
 N - a potion of cancellation
 Y - a potion of ambrosia
Miscellaneous
 B - a fan of gales
   (You found it on level 1 of the Lair of Beasts)
 Q - a phial of floods
   (You found it on level 9 of the Dungeon)
Comestibles
 c - 35 rations
 i - 7 chunks of flesh {@w0}


   Skills:
 + Level 16.8 Fighting
 + Level 16.8 Axes
 + Level 13.3 Armour
 + Level 8.0 Dodging
 - Level 15.0 Shields
 - Level 10.0 Evocations


You had 19 spell levels left.
You didn't know any spells.

Dungeon Overview and Level Annotations

Branches:
Dungeon (15/15)            Temple (0/1) D:5            Lair (6/6) D:8
 Shoals (4/4) Lair:2        Snake (4/4) Lair:3        Slime (0/5) Lair:5
    Orc (2/2) D:11            Elf (0/3) Orc:2        Vaults (0/5) D:14
 Depths (0/5) D:15

Altars:
Fedhas
Gozag
Kikubaaqudgha
Makhleb
Okawaru
Ru
Uskayaw
Vehumet
Xom
Yredelemnul
Beogh
Jiyva

Shops:
D:5 ![%*   D:6 }=   D:10 !   D:13 *}   D:15 *   Orc:2 [*!?   Snake:3 ?

Annotations:
Lair:5 exclusion: oklob plant


Message History

You feel a strong urge to attack something.
You feel sick.
The merfolk impaler hits you but does no damage.
The merfolk javelineer hits you but does no damage.
The merfolk javelineer throws a javelin.
The javelin hits you!
You hear a splash.
Your soul eater hits the merfolk javelineer.
You struggle against the net.
You feel sick. The merfolk impaler closely misses you.
The merfolk javelineer throws a poisoned javelin.
The poisoned javelin hits you.
You hear a splash.
The merfolk avatar chants a haunting song.
You resist with almost no effort.
You struggle against the net.
You feel your anger nearly subside.
You feel sick. The merfolk impaler barely misses you.
The merfolk javelineer hits you from afar with a spear of freezing!
The merfolk javelineer freezes you.
The merfolk javelineer throws a javelin.
The javelin completely misses you.
You hear a splash.
Your soul eater closely misses the merfolk javelineer.
The merfolk javelineer throws a poisoned javelin.
The poisoned javelin hits you!
You hear a splash.
Your smoke demon misses the merfolk javelineer.
Your smoke demon hits the merfolk javelineer. x2
The merfolk hits you from afar with a trident.
You struggle against the net.
Visions of slaying the merfolk javelineer flood into your mind.
You are no longer berserk.
You are exhausted.
You feel yourself slow down.
You feel sick. The merfolk impaler closely misses you.
The merfolk javelineer hits you but does no damage.
The merfolk javelineer throws a javelin.
The javelin hits you.
You hear a splash.
Your soul eater misses the merfolk javelineer.
You struggle against the net.
Visions of slaying the merfolk javelineer flood into your mind.
You feel sick.
The merfolk impaler hits you but does no damage.
The merfolk javelineer throws a poisoned javelin.
The poisoned javelin hits you!!
You hear a splash.
Your smoke demon hits the merfolk javelineer but does no damage.
Your smoke demon hits the merfolk javelineer.
Your smoke demon hits the merfolk javelineer but does no damage.
The merfolk hits you from afar with a trident!
* * * LOW HITPOINT WARNING * * *
The merfolk impaler hits you from afar with a trident of venom!
* * * LOW HITPOINT WARNING * * *
The merfolk javelineer hits you from afar with a spear of freezing.
* * * LOW HITPOINT WARNING * * *
The merfolk javelineer freezes you.
* * * LOW HITPOINT WARNING * * *
The merfolk javelineer throws a javelin.
The javelin closely misses you.
You hear a splash.
Your soul eater hits the merfolk javelineer!
The merfolk javelineer throws a poisoned javelin.
The poisoned javelin barely misses you.
You hear a splash.
Your smoke demon gestures at the merfolk javelineer.
The merfolk javelineer is smitten.
The merfolk impaler hits you but does no damage.
The merfolk hits you but does no damage.
As you read the scroll of teleportation, it crumbles to dust.
You feel strangely unstable.
You feel the effects of Trog's Hand fading.
You feel sick.
The merfolk avatar chants a haunting song.
You resist with almost no effort.
The merfolk javelineer closely misses you.
The merfolk javelineer throws a javelin.
The javelin hits you.
* * * LOW HITPOINT WARNING * * *
You hear a splash.
Your soul eater misses the merfolk javelineer.
The merfolk impaler hits you from afar with a trident of venom!
* * * LOW HITPOINT WARNING * * *
You are more poisoned.
The merfolk javelineer throws a poisoned javelin.
The poisoned javelin hits you but does no damage.
You hear a splash.
Your smoke demon hits the merfolk javelineer.
Your smoke demon barely misses the merfolk javelineer. x2
The merfolk hits you from afar with a trident!
* * * LOW HITPOINT WARNING * * *
The merfolk avatar chants a haunting song.
You resist with almost no effort.
The merfolk javelineer throws a javelin.
The javelin completely misses you.
You hear a splash.
The merfolk javelineer hits you but does no damage.
The merfolk impaler hits you from afar with a trident of venom!
You die...

...≈≈≈≈≈≈≈#######≈≈≈
..≈≈≈≈≈≈≈## ≈≈≈## ≈
..≈≈≈≈≈≈## ≈≈≈≈##
.≈≈≈≈≈≈≈#≈# ≈≈≈≈≈# ≈≈≈
≈≈≈≈≈≈≈≈#≈≈≈ #≈#≈(# ≈≈≈
≈≈≈≈≈≈≈≈#≈≈≈##≈≈≈≈# ≈≈≈≈
≈≈≈≈≈≈≈≈#≈≈≈m≈≈≈≈≈#≈≈≈≈≈
≈≈≈≈≈≈≈≈#≈mm#3≈≈#≈#≈≈≈≈≈
≈≈≈≈≈≈)≈##≈mm@(#≈#≈≈≈≈≈≈
≈≈≈≈≈≈≈≈≈##mm3≈m#≈≈≈≈≈≈≈
≈≈≈≈≈≈≈≈≈≈######(≈≈≈≈≈≈≈
.≈≈≈≈≈≈≈≈≈≈≈≈≈≈≈≈≈≈≈≈≈≈≈
....≈≈≈≈≈≈≈≈≈≈≈≈≈≈≈≈≈≈≈≈
.....≈≈≈≈≈≈≈≈≈≈≈≈≈≈≈≈≈≈≈
.....≈≈≈≈≈≈≈≈≈≈≈≈≈m≈≈≈≈≈
......≈≈≈≈≈≈≈≈≈≈≈≈≈≈≈≈≈≈
.....≈≈≈≈≈≈≈≈≈≈≈≈≈≈≈≈≈≈


You could see a merfolk avatar, a merfolk impaler, 3 merfolk javelineers, a
merfolk, a merfolk siren, a water nymph, a friendly soul eater and a friendly
smoke demon.

Vanquished Creatures
  Rupert (Lair:3)
  Polyphemus (Shoals:2)
  Kirke (Shoals:3)
  Roxanne (D:14)
  Ilsuiw (Shoals:4)
  5 nagarajas
  Aizul (Snake:2)
  Nessos (D:14)
  3 dire elephants (Lair:6)
  The ghost of batai666 the Unseen, a journeyman SpEn of Dithmenos (Orc:1)
  A merfolk javelineer (Shoals:4)
  5 merfolk impalers
  Josephine (Lair:5)
  2 hydras (Lair:6)
  A rakshasa (D:15)
  A merfolk avatar (Shoals:3)
  7 naga warriors
  Harold (D:11)
  Erica (D:11)
  19 anacondas
  A death knight (D:15)
  4 vault guards (D:14)
  A catoblepas (Shoals:2)
  7 centaur warriors
  A satyr (Shoals:4)
  An alligator snapping turtle (Shoals:4)
  2 tengu warriors (D:15)
  7 two-headed ogres
  6 merfolk aquamancers
  4 shock serpents
  3 orc high priests (Orc:2)
  15 death yaks
  16 naga sharpshooters
  7 skeletal warriors
  An unseen horror (D:11)
  2 salamander mystics (Snake:4)
  6 sea snakes
  9 naga ritualists
  A swamp dragon (shapeshifter) (D:15)
  2 orc knights (D:15)
  Pikel (D:8)
  A phantasmal warrior (D:15)
  6 harpies (Shoals:4)
  8 mana vipers
  2 oklob plants (Shoals:1)
  3 fauns (Shoals:3)
  2 ugly things
  2 cyclopes
  7 manticores
  11 salamanders
  6 elephants
  36 black mambas
  7 merfolk sirens
  8 guardian serpents
  8 water nymphs
  A gargoyle (D:12)
  7 naga magi
  A torpor snail (Lair:6)
  4 centaur skeletons
  A freezing wraith (D:15)
  3 rime drakes
  6 spiny frogs
  5 komodo dragons
  2 kobold demonologists
  An efreet (D:14)
  A yaktaur (shapeshifter) (D:15)
  4 trolls
  2 polar bears
  17 merfolk
  6 wind drakes
  A wind drake (shapeshifter) (D:15)
  3 blink frogs
  A snapping turtle (shapeshifter) (D:15)
  6 dream sheep (Lair:6)
  8 hippogriffs
  5 slime creatures
  A raiju (shapeshifter) (D:15)
  6 snapping turtles
  5 wraiths
  A shadow (D:13)
  10 water elementals
  The ghost of Kiryusha the Magician, an amateur DEIE (D:4)
  4 hogs (Shoals:3)
  22 yaks
  2 basilisks
  A fire elemental (Snake:2)
  A wyvern (D:9)
  2 hungry ghosts
  8 vampire mosquitoes
  3 wargs
  An acid dragon (D:15)
  38 nagas
  4 hell hounds (Snake:2)
  6 water moccasins
  20 orc warriors
  2 ice beasts
  12 porcupines
  3 sky beasts
  2 slaves (D:8)
  12 ogres
  A phantom (D:9)
  A black bear (D:8)
  16 wolves (Lair:3)
  7 centaurs
  10 crocodiles
  20 bullfrogs
  7 big kobolds
  A gnoll sergeant (D:12)
  3 scorpions
  3 killer bees
  4 wights
  An electric eel (D:7)
  12 crimson imps
  7 howler monkeys
  2 centaur zombies
  3 hounds
  24 orc priests
  8 jellies
  2 bullfrog skeletons
  6 iguanas
  29 orc wizards
  14 worker ants
  A killer bee zombie (D:10)
  2 hound skeletons (D:5)
  4 worker ant zombies
  9 adders
  11 gnolls
  A river rat (D:5)
  6 shadow imps
  3 oozes (D:7)
  2 adder zombies
  An adder skeleton (D:8)
  2 worms
  A dart slug (D:2)
  7 leopard geckos
  91 orcs
  4 bats
  6 giant cockroaches
  5 goblins
  5 hobgoblins
  17 jackals
  28 kobolds
  3 quokkas
  6 frilled lizards
  A leopard gecko zombie (D:6)
  A quokka zombie (D:5)
  10 rats
  2 fungi (Lair:6)
  3 plants
924 creatures vanquished.

Vanquished Creatures (collateral kills)
  Jorgrun (Snake:4)
  3 nagarajas
  Louise (Snake:4)
  Azrael (Snake:2)
  A dire elephant (Lair:6)
  Snorg (Orc:2)
  2 merfolk impalers
  Erolcha (Orc:1)
  4 merfolk aquamancers (Shoals:3)
  6 anacondas (Snake:4)
  A naga warrior (Snake:4)
  A death yak (Shoals:2)
  A tengu warrior (D:14)
  3 naga sharpshooters
  An orc high priest (Orc:2)
  A shock serpent (Snake:2)
  2 skeletal warriors (D:14)
  A glowing orange brain (D:15)
  3 naga ritualists (Snake:4)
  2 mana vipers (Snake:2)
  A harpy (Shoals:4)
  4 orc sorcerers
  A cyclops (D:15)
  A salamander (Snake:2)
  Maurice (Orc:1)
  2 manticores
  3 elephants (Lair:6)
  2 merfolk sirens
  A guardian serpent (Snake:4)
  2 black mambas
  2 naga magi (Snake:4)
  3 merfolk
  4 slime creatures
  3 snapping turtles
  A water elemental (Shoals:3)
  A spriggan (shapeshifter) (D:14)
  A fire elemental (Snake:2)
  3 vampire mosquitoes
  A warg (Orc:2)
  9 nagas
  2 hell hounds (Snake:2)
  8 orc warriors
  2 phantoms
  A centaur (D:14)
  An ogre (Orc:1)
  2 big kobolds
  A crocodile (D:12)
  A quasit (D:13)
  5 orc priests (Orc:2)
  2 orc wizards (Orc:2)
  A gnoll (D:12)
  An orc (Orc:2)
  2 kobolds
112 creatures vanquished.

Vanquished Creatures (others)
  2 merfolk javelineers
  A naga sharpshooter (Snake:3)
  A harpy (Shoals:4)
  A black mamba (Snake:4)
  2 slaves (D:8)
  2 centaurs
  A killer bee (D:13)
  A quokka (D:8)
  A kobold (D:15)
  A bush (D:8)
  18 fungi
  31 plants
  18 toadstools
80 creatures vanquished.

Grand Total: 1116 creatures vanquished

Notes
Turn   | Place    | Note
-------+----------+-------------------------------------------
     0 | D:1      | Mgcat the Human Berserker began the quest for the Orb.
     0 | D:1      | Reached XP level 1. HP: 18/18 MP: 1/1
   150 | D:1      | Reached XP level 2. HP: 22/24 MP: 2/2
   884 | D:2      | Reached XP level 3. HP: 24/29 MP: 3/3
  1083 | D:2      | Reached ** piety under Trog
  1094 | D:2      | Reached XP level 4. HP: 37/37 MP: 4/4
  1169 | D:2      | Found a radiant altar of Vehumet.
  1171 | D:2      | Found a shimmering altar of Xom.
  1220 | D:2      | Reached skill level 4 in Axes
  1284 | D:2      | Found a hide-covered altar of Uskayaw.
  1317 | D:2      | Reached skill level 4 in Fighting
  2448 | D:3      | Reached XP level 5. HP: 39/42 MP: 5/5
  3288 | D:4      | Noticed an ogre
  3296 | D:4      | Killed an ogre
  3296 | D:4      | Reached skill level 5 in Fighting
  3296 | D:4      | Reached skill level 5 in Axes
  3296 | D:4      | Reached XP level 6. HP: 46/51 MP: 6/6
  3442 | D:4      | Noticed Kiryusha's ghost (amateur DEIE)
  3457 | D:4      | Killed Kiryusha's ghost
  3457 | D:4      | Reached XP level 7. HP: 57/57 MP: 7/7
  3754 | D:5      | Entered Level 5 of the Dungeon
  3772 | D:5      | Found an iron altar of Okawaru.
  3782 | D:5      | Found Zozeunn's Distillery.
  3787 | D:5      | Reached skill level 6 in Fighting
  3787 | D:5      | Reached skill level 6 in Axes
  3818 | D:5      | Found a sacrificial altar of Ru.
  3937 | D:5      | Reached *** piety under Trog
  4088 | D:5      | Reached XP level 8. HP: 65/65 MP: 8/8
  4216 | D:5      | Found Poebav's Food Emporium.
  4473 | D:5      | Reached skill level 7 in Axes
  4481 | D:5      | Reached skill level 7 in Fighting
  4542 | D:5      | Found Herupo's General Store.
  4635 | D:5      | Found Rirphume's Antique Armour Shoppe.
  4643 | D:5      | Found a staircase to the Ecumenical Temple.
  4745 | D:5      | Found a shimmering altar of Xom.
  5087 | D:6      | Found Ukonteh's Gadget Shoppe.
  5095 | D:6      | Found Saiddipi's Jewellery Shop.
  5106 | D:6      | Bought a cursed ring of teleportation for 49 gold pieces
  5152 | D:6      | Reached skill level 1 in Shields
  5279 | D:6      | Found a burning altar of Makhleb.
  5385 | D:6      | Reached skill level 2 in Shields
  5574 | D:6      | Reached XP level 9. HP: 73/73 MP: 9/9
  5669 | D:6      | Reached skill level 3 in Shields
  5723 | D:6      | Reached skill level 8 in Fighting
  5723 | D:6      | Reached skill level 8 in Axes
  5992 | D:7      | Found an opulent altar of Gozag.
  6290 | D:7      | Reached skill level 4 in Shields
  6865 | D:7      | Reached **** piety under Trog
  7664 | D:7      | Reached skill level 5 in Shields
  7675 | D:7      | Reached skill level 9 in Fighting
  7675 | D:7      | Reached skill level 9 in Axes
  7675 | D:7      | Reached XP level 10. HP: 83/83 MP: 10/10
  8088 | D:8      | Reached skill level 6 in Shields
  8203 | D:8      | Reached ***** piety under Trog
  8335 | D:8      | Noticed Pikel
  8444 | D:8      | Killed Pikel
  8444 | D:8      | Reached skill level 10 in Fighting
  8444 | D:8      | Reached skill level 10 in Axes
  8454 | D:8      | Reached skill level 7 in Shields
  8567 | D:8      | Reached XP level 11. HP: 91/91 MP: 11/11
  8682 | D:8      | Found a staircase to the Lair.
  8778 | D:8      | Noticed a two-headed ogre
  8784 | D:8      | Killed a two-headed ogre
  8784 | D:8      | Reached skill level 8 in Shields
  8819 | D:8      | Found a radiant altar of Vehumet.
  9035 | D:9      | Noticed a two-headed ogre
  9044 | D:8      | Killed a two-headed ogre
  9510 | D:9      | Noticed a two-headed ogre
  9519 | D:9      | Killed a two-headed ogre
  9519 | D:9      | Reached skill level 11 in Fighting
  9519 | D:9      | Reached skill level 11 in Axes
  9554 | D:9      | Noticed a two-headed ogre
  9572 | D:9      | Killed a two-headed ogre
 10273 | D:10     | Entered Level 10 of the Dungeon
 10769 | D:10     | Found Pezaxas's Distillery.
 11048 | D:11     | Noticed a brown ugly thing
 11057 | D:10     | Killed a brown ugly thing
 11115 | D:11     | Reached skill level 9 in Shields
 11182 | D:11     | Noticed Harold
 11199 | D:11     | Killed Harold
 11199 | D:11     | Reached XP level 12. HP: 77/100 MP: 12/12
 11273 | D:11     | Reached skill level 3 in Armour
 11665 | D:11     | Found a roughly hewn altar of Beogh.
 11665 | D:11     | Found a staircase to the Orcish Mines.
 11772 | D:11     | Received a gift from Trog
 11860 | D:11     | Killed an unseen horror
 11981 | D:11     | Noticed Erica
 11989 | D:11     | Reached skill level 4 in Armour
 11996 | D:11     | Killed Erica
 12297 | D:6      | Bought the ring of Cyufryof {rCorr rF+ Str+5 Dex-3 Stlth+} for 451 gold pieces
 12303 | D:6      | Identified a scroll of acquirement
 12304 | D:6      | Got a translucent pewter ring
 12307 | D:6      | Identified the ring "Huni" {+Fly rF+ rC+ Stlth+} (You acquired it on level 6 of the Dungeon)
 12464 | Lair:1   | Entered Level 1 of the Lair of Beasts
 13228 | Lair:2   | Reached skill level 1 in Evocations
 13335 | Lair:2   | Found a staircase to the Shoals.
 13365 | Lair:2   | Reached skill level 12 in Axes
 13368 | Lair:2   | Reached skill level 12 in Fighting
 13534 | Lair:2   | Reached skill level 5 in Armour
 13534 | Lair:2   | Reached skill level 10 in Shields
 13539 | Lair:2   | Reached skill level 2 in Evocations
 13849 | Lair:3   | Reached XP level 13. HP: 104/108 MP: 4/14
 13942 | Lair:3   | Reached skill level 3 in Evocations
 14087 | Lair:3   | Found a staircase to the Snake Pit.
 14157 | Lair:3   | Noticed Rupert
 14157 | Lair:3   | Paralysed by Rupert for 2 turns
 14185 | Lair:3   | Killed Rupert
 14185 | Lair:3   | Reached skill level 6 in Armour
 14185 | Lair:3   | Reached skill level 4 in Evocations
 15157 | Lair:4   | Found an ancient bone altar of Kikubaaqudgha.
 15823 | Lair:5   | Found a staircase to the Slime Pits.
 15826 | Lair:5   | Found a viscous altar of Jiyva.
 15836 | Lair:5   | Noticed Josephine
 15847 | Lair:5   | Killed Josephine
 15908 | Lair:5   | Reached skill level 5 in Evocations
 15917 | Lair:5   | Reached skill level 7 in Armour
 15917 | Lair:5   | Reached skill level 11 in Shields
 16161 | Lair:4   | Reached XP level 14. HP: 42/116 MP: 6/18
 16165 | Lair:4   | HP: 29/174 [death yak (15)]
 16166 | Lair:4   | Received a gift from Trog
 16505 | Lair:5   | Reached skill level 13 in Fighting
 16505 | Lair:5   | Reached skill level 13 in Axes
 16620 | Lair:4   | Reached skill level 6 in Evocations
 16937 | Lair:5   | Found a blossoming altar of Fedhas.
 17223 | Lair:6   | Entered Level 6 of the Lair of Beasts
 17562 | Lair:6   | Reached skill level 8 in Armour
 17973 | Lair:6   | Got a thick robe
 18395 | Lair:6   | Noticed a dire elephant
 18406 | Lair:6   | Killed a dire elephant
 18484 | Lair:6   | Noticed a dire elephant
 18484 | Lair:6   | Noticed a dire elephant
 18485 | Lair:6   | Found the +14 obsidian axe {chop, +Fly SInv *Curse}
 18497 | Lair:6   | Killed a dire elephant
 18506 | Lair:6   | Killed a dire elephant
 18617 | Lair:6   | Noticed a dire elephant
 18629 | Lair:6   | Killed a dire elephant
 18629 | Lair:6   | Reached skill level 7 in Evocations
 18912 | Orc:1    | Entered Level 1 of the Orcish Mines
 19112 | Orc:2    | Entered Level 2 of the Orcish Mines
 19127 | Orc:2    | Noticed Snorg
 19136 | Orc:2    | Killed Snorg
 19157 | Orc:2    | Reached XP level 15. HP: 124/124 MP: 20/20
 19163 | Orc:2    | Reached skill level 12 in Shields
 19326 | Orc:2    | Found a staircase to the Elven Halls.
 19769 | Orc:2    | Found Elyuggeh's Magic Scroll Emporium.
 19769 | Orc:2    | Found Urphache's General Store.
 19770 | Orc:2    | Found Orghebrast's Antique Armour Shoppe.
 19773 | Orc:2    | Found Fiwnoaro's Distillery.
 19777 | Orc:2    | Bought 2 potions of agility for 128 gold pieces
 19778 | Orc:2    | Bought a runed plate armour for 598 gold pieces
 19897 | Orc:1    | Noticed batai666's ghost (journeyman SpEn)
 19915 | Orc:1    | Reached skill level 9 in Armour
 19920 | Orc:1    | Killed batai666's ghost
 20029 | Orc:1    | Noticed Maurice
 20036 | Orc:1    | Killed Maurice
 20082 | Orc:1    | Noticed Erolcha
 20088 | Orc:1    | Killed Erolcha
 20946 | D:12     | Reached skill level 8 in Evocations
 21107 | D:13     | Reached skill level 14 in Fighting
 21127 | D:13     | Reached skill level 14 in Axes
 21254 | D:13     | Found Ziukev's Assorted Antiques.
 21262 | D:13     | Reached ****** piety under Trog
 21384 | D:13     | Found Wucaoseo's Gadget Boutique.
 21607 | D:14     | Found a gate to the Vaults.
 21629 | D:14     | Received a gift from Trog
 21740 | D:14     | Noticed Nessos
 21753 | D:14     | Killed Nessos
 21853 | D:14     | Noticed Roxanne
 21863 | D:14     | Found a basalt altar of Yredelemnul.
 21870 | D:14     | HP: 24/126 [Roxanne/crystal spear (83)]
 21877 | D:14     | Reached XP level 16. HP: 72/134 MP: 22/22
 22243 | D:14     | Killed Roxanne
 22243 | D:14     | Reached skill level 10 in Armour
 22347 | D:14     | Got a fine turquoise ring
 22349 | D:14     | Identified the ring "Ufuhasej" {MR+ Int+4 Dex+2} (You found it on level 14 of the Dungeon)
 22382 | D:15     | Entered Level 15 of the Dungeon
 22399 | D:15     | Reached XP level 17. HP: 126/140 MP: 23/23
 22413 | D:15     | Reached skill level 9 in Evocations
 22781 | D:15     | Found Muihank's General Store.
 22796 | D:15     | Bought a scroll of identify for 22 gold pieces
 22796 | D:15     | Bought 3 scrolls of identify for 66 gold pieces
 22796 | D:15     | Bought a potion of cancellation for 88 gold pieces
 22896 | D:15     | Reached skill level 13 in Shields
 23198 | D:15     | Found a staircase to the Depths.
 23443 | Snake:1  | Entered Level 1 of the Snake Pit
 23471 | Snake:1  | Reached skill level 15 in Fighting
 23493 | Snake:1  | Reached skill level 15 in Axes
 23554 | Snake:1  | Received a gift from Trog
 24271 | Snake:2  | Noticed Azrael
 24282 | Snake:2  | Killed Azrael
 24399 | Snake:2  | Reached skill level 10 in Evocations
 24403 | Snake:2  | Noticed Aizul
 24409 | Snake:2  | Reached skill level 11 in Armour
 24419 | Snake:2  | Killed Aizul
 25517 | Snake:3  | Reached XP level 18. HP: 126/149 MP: 25/25
 25536 | Snake:3  | Received a gift from Trog
 25747 | Snake:3  | Found Urchef's Magic Scroll Emporium.
 25944 | Snake:3  | Reached skill level 3 in Dodging
 26237 | Snake:4  | Entered Level 4 of the Snake Pit
 26476 | Snake:4  | Reached skill level 14 in Shields
 26481 | Snake:4  | Received a gift from Trog
 26490 | Snake:4  | Reached skill level 4 in Dodging
 26656 | Snake:4  | Noticed Jorgrun
 26671 | Snake:4  | Noticed Louise
 26676 | Snake:4  | Killed Jorgrun
 26686 | Snake:4  | Killed Louise
 26797 | Snake:4  | Reached skill level 12 in Armour
 27105 | Snake:4  | Reached skill level 16 in Fighting
 27241 | Snake:4  | Reached skill level 16 in Axes
 27241 | Snake:4  | Reached skill level 5 in Dodging
 27284 | Snake:4  | Received a gift from Trog
 27307 | Snake:4  | HP: 37/151 [anaconda (3)]
 27307 | Snake:4  | HP: 18/151 [naga sharpshooter/arrow (19)]
 27309 | Snake:4  | Reached XP level 19. HP: 68/157 MP: 26/26
 27924 | Snake:4  | Reached skill level 6 in Dodging
 27942 | Snake:4  | Got a serpentine rune of Zot
 28122 | Shoals:1 | Entered Level 1 of the Shoals
 28409 | Shoals:1 | Received a gift from Trog
 29078 | Shoals:2 | Noticed Polyphemus
 29086 | Shoals:2 | Killed Polyphemus
 30113 | Shoals:3 | Reached skill level 7 in Dodging
 30279 | Shoals:3 | Received a gift from Trog
 30410 | Shoals:3 | Noticed Kirke
 30424 | Shoals:3 | Killed Kirke
 30447 | Shoals:3 | Got a jewelled chain mail
 30563 | Shoals:3 | Reached skill level 15 in Shields
 30581 | Shoals:3 | Reached skill level 13 in Armour
 30812 | Shoals:3 | Identified the cursed +1 chain mail "Soase" {Dex+3 Slay+2} (You took it off a merfolk on level 3 of the Shoals)
 30878 | Shoals:4 | Entered Level 4 of the Shoals
 30886 | Shoals:4 | Noticed Ilsuiw
 30918 | Shoals:4 | Killed Ilsuiw
 30972 | Shoals:4 | Reached XP level 20. HP: 68/166 MP: 27/27
 31553 | Shoals:4 | Received a gift from Trog
 31644 | Shoals:4 | Reached skill level 8 in Dodging
 31659 | Shoals:4 | HP: 40/167 [merfolk/trident (11)]
 31660 | Shoals:4 | HP: 17/167 [merfolk impaler/trident of venom (8)]
 31660 | Shoals:4 | HP: 3/167 [merfolk/trident (14)]
 31660 | Shoals:4 | Slain by a merfolk impaler

Skill      XL: |  1  2  3  4  5  6  7  8  9 10 11 12 13 14 15 16 17 18 19 20 |
---------------+-------------------------------------------------------------+-----
Axes           | 4 5 6 7 9 10 11 12 13 14 15 16 | 16.8
Fighting       | 4 5 6 7 9 10 11 12 13 14 15 16 | 16.8
Shields        | 2 5 7 9 10 11 12 13 14 15 | 15.0
Armour         | 5 7 8 9 10 11 12 13 | 13.3
Evocations     | 2 5 7 8 10 | 10.0
Dodging        | 5 7 8 |  8.0

Action                   |  1- 3 |  4- 6 |  7- 9 | 10-12 | 13-15 | 16-18 | 19-21 || total
-------------------------+-------+-------+-------+-------+-------+-------+-------++-------
Melee: Hand axe          |   106 |     8 |       |   284 |       |       |       ||   398
       Dagger            |       |   129 |   601 |    69 |       |       |       ||   799
       Demon whip        |       |       |       |   245 |     9 |       |       ||   254
       War axe           |       |       |       |   183 |   560 |       |       ||   743
       Broad axe         |       |       |       |       |   334 |   553 |   413 ||  1300
 Fire: Hunting sling     |       |     4 |    39 |    31 |     8 |       |       ||    82
Invok: Berserk           |     2 |     3 |    17 |    17 |    19 |     6 |     5 ||    69
       Trog's Hand       |       |     1 |     4 |    10 |    14 |     6 |    10 ||    45
       Burn Spellbooks   |       |       |       |     1 |     1 |     2 |     2 ||     6
       Brothers in Arms  |       |       |       |       |       |       |     2 ||     2
 Abil: Evoke Flight      |       |       |       |       |     1 |       |    11 ||    12
Evoke: Wand              |       |       |       |     5 |     2 |       |     9 ||    16
  Use: Scroll            |       |     6 |     4 |    24 |    16 |     7 |     5 ||    62
       Potion            |       |       |       |       |     4 |     3 |     3 ||    10
 Stab: Paralysed         |       |       |       |       |     1 |       |       ||     1
       Distracted        |       |       |       |       |     3 |     7 |     3 ||    13
       Petrifying        |       |       |       |       |       |       |     1 ||     1
  Eat: Chunk             |     2 |    10 |    15 |    31 |    35 |    20 |    16 ||   129
       Ration            |       |       |     5 |     3 |     4 |     3 |     2 ||    17
Armor: Animal skin       |     4 |       |       |       |       |       |       ||     4
       Ring mail         |    28 |    38 |   126 |       |       |       |       ||   192
       Chain mail        |       |       |    50 |   192 |   219 |   186 |   130 ||   777
       Skin              |       |       |     4 |       |       |       |       ||     4
Dodge: Dodged            |    61 |    56 |    94 |   102 |   134 |    89 |   127 ||   663
Block: Shield            |       |    55 |   454 |   553 |   801 |   582 |   464 ||  2909
       Other             |       |     7 |       |       |       |       |       ||     7
       Reflection        |       |     2 |     7 |    10 |    32 |    92 |    72 ||   215

Vault maps used:
D:1:      grunt_arrival_lava_bath
D:2:      nicolae_overflow_crystal_walls, minitemple, minmay_pentomino_x2
D:4:      first_ration
D:5:      kennysheep_six_static_rooms, nicolae_ru_sacrificial_ziggurat,
          okawaru_trees_1, temple_fountains, serial_shops, shop, shop,
          kennysheep_little_box, shop, gup_sewer_entry_spiral, led_xom_imps
D:6:      serial_shops, shop, nicolae_shop_crystal, bloody_makhleb
D:7:      cheibrodos_fertilizer, nicolae_gozag_cash_rules_everything_around_me,
          kennysheep_small_spiral, minmay_crystal_water, grunt_ogre_cave
D:8:      minmay_lair_entry_grove, basic_altar, uniq_pikel
D:10:     serial_shops, nicolae_shop_behind_doors
D:11:     david_orc_5, minmay_misc_feat_five, uniq_harold, uniq_erica
D:13:     serial_shops, nicolae_shop_stone, nicolae_shop_trees
D:14:     lightli_vaults_fourway_checkpoint, basic_altar,
          wad_floor_pattern_untrapped, uniq_nessos, uniq_roxanne
D:15:     gammafunk_enter_depths_forms, serial_shops, shop,
          minmay_strange_pillars
Lair:1:   serial_bayou_shore_a
Lair:2:   elwin_shoals_entry_rooms
Lair:3:   minmay_snake_entry_guardpost_large, grunt_forest_large_clearings,
          grunt_megastairs_4, uniq_rupert
Lair:4:   basic_altar, lemuel_fruit_tree
Lair:5:   slime_altar_1, tgw_fedhas, lemuel_fruit_fields, uniq_josephine
Lair:6:   due_jungle_book, grunt_megastairs_2
Shoals:1: nicolae_shoals_this_corrosion
Shoals:2: st_sunken_temple, uniq_polyphemus
Shoals:3: nicolae_shoals_water_shrine, uniq_kirke
Shoals:4: shoals_end_hangedman, shoal_ilsuiw
Snake:2:  nicolae_snake_shapes, uniq_aizul, uniq_azrael
Snake:3:  nicolae_snake_salamander_stairs, minmay_shop_star
Snake:4:  grunt_snake_rune_serpentine_throne, basic_stair_grate_trap,
          uniq_louise, uniq_jorgrun
Orc:1:    uniq_maurice, uniq_erolcha
Orc:2:    st_orc_mages, uniq_snorg

Table legend:
 A = Turns spent in this place as a percentage of turns spent in the entire game.
 B = Non-inter-level travel turns spent in this place as a percentage of non-inter-level travel turns spent in the entire game.
 C = Inter-level travel turns spent in this place as a percentage of turns spent in this place.
 D = Turns resting spent in this place as a percentage of non-inter-level travel turns spent in this place.
 E = Turns spent auto-exploring this place as a percentage of non-inter-level travel turns spent in this place.
 F = Non-inter-level travel turns spent in this place divided by the number of levels of this place that you've seen.
                   A       B       C       D       E      F
               +-------+-------+-------+-------+-------+----------------------
         Total | 100.0 | 100.0 |   8.6 |   9.3 |  62.8 | 933.9
       Dungeon |  49.6 |  47.9 |  11.8 |   5.7 |  64.1 | 924.3
          Lair |  20.4 |  20.7 |   7.0 |  11.0 |  64.8 | 999.7
        Shoals |  11.2 |  11.9 |   2.9 |  27.8 |  42.3 | 858.8
     Snake Pit |  14.6 |  15.2 |   4.8 |   4.2 |  71.3 | 1100.5
  Orcish Mines |   4.2 |   4.3 |   6.4 |   7.0 |  66.1 | 626.0
               +-------+-------+-------+-------+-------+----------------------

Table legend:
 A = Kills in this place as a percentage of kills in entire the game.
 B = Kills by you in this place as a percentage of kills by you in the entire game.
 C = Kills by friends in this place as a percentage of kills by friends in the entire game.
 D = Other kills in this place as a percentage of other kills in the entire game.
 E = Experience gained in this place as a percentage of experience gained in the entire game.
 F = Experience gained in this place divided by the number of levels of this place that you have seen.
                   A       B       C       D       E      F
               +-------+-------+-------+-------+-------+----------------------
         Total | 100.0 | 100.0 | 100.0 | 100.0 | 100.0 | 9757.8
       Dungeon |  46.2 |  49.0 |  24.1 |  37.5 |  20.9 | 4204.7
          Lair |  13.2 |  14.5 |   3.6 |   0.0 |  16.0 | 8058.3
        Shoals |  12.0 |  11.1 |  17.0 |  37.5 |  20.9 | 15813.0
     Snake Pit |  19.9 |  17.9 |  35.7 |  25.0 |  37.6 | 28436.8
  Orcish Mines |   8.8 |   7.5 |  19.6 |   0.0 |   4.7 | 7036.5
               +-------+-------+-------+-------+-------+----------------------
